 Dungeon Crawl Stone Soup version 0.22-a0-162-g33bf1272b0 (console) character file.

588 Muffindrake the Slicer (level 7, -3/49 HPs)
             Began as a Vampire Assassin on Feb 12, 2018.
             Slain by an iguana (8 damage)
             ... on level 10 of the Dungeon.
             The game lasted 00:14:36 (3473 turns).

Muffindrake the Slicer (Vampire Assassin)           Turns: 3473, Time: 00:14:37

Health: -3/49      AC:  7    Str: 10    XL:     7   Next: 15%
Magic:  7/7        EV: 12    Int: 14    God:
Gold:   207        SH:  0    Dex: 17    Spells: 6/6 levels left

rFire    . . .     SeeInvis +   a - +3 dagger
rCold    . . .     Gourm    .   (no shield)
rNeg     + . .     Faith    .   u - +2 robe {MR+}
rPois    .         Spirit   .   (no helmet)
rElec    .         Reflect  .   d - +0 cloak
rCorr    .         Harm     .   j - +0 pair of gloves
MR       +....                  s - +0 pair of boots
Stlth    ++........             (no amulet)
HPRegen  0.16/turn              p - ring of flight
MPRegen  0.10/turn              q - ring of loudness

@: no status effects
A: fangs 3, see invisible, unbreathing
a: Bat Form, Evoke Flight


You were on level 10 of the Dungeon.
You were not thirsty.

You visited 1 branch of the dungeon, and saw 8 of its levels.

You collected 207 gold pieces.

Inventory:

Hand Weapons
 a - a +3 dagger (weapon)
 b - a +0 blowgun
Missiles
 e - 7 poisoned needles
Armour
 d - a +0 cloak (worn)
 j - a +0 pair of gloves (worn)
 s - a +0 pair of boots (worn)
 u - a +2 robe of magic resistance (worn)
Jewellery
 p - a ring of flight (left hand)
 q - a ring of loudness (right hand)
Scrolls
 h - a scroll of teleportation
 i - a scroll of enchant armour {unknown}
Potions
 g - 12 potions of blood
Books
 t - a book of Callings

   Spells                             Type                      Level
   a - Summon Small Mammal            Summoning                    1
   b - Call Imp                       Summoning                    2
   c - Call Canine Familiar           Summoning                    3
   d - Summon Guardian Golem          Hexes/Summoning              3
   e - Summon Lightning Spire         Summoning/Air                4
   f - Summon Ice Beast               Ice/Summoning                4
Miscellaneous
 c - a box of beasts


   Skills:
 - Level 1.7 Fighting
 * Level 8.7 Short Blades
 - Level 1.5 Throwing
 - Level 1.1 Dodging
 - Level 5.8 Stealth


You had 6 spell levels left.
You didn't know any spells.

Dungeon Overview and Level Annotations

Branches:
Dungeon (11/15)
 Temple: D:4-7         Lair: D:8-11         Orc: D:9-12

Altars:

Annotations:
D:4 Sar's ghost, novice NaMo
D:7 Pikel
D:10 MrRokkomies's ghost, novice BaSu


Innate Abilities, Weirdness & Mutations

You have razor-sharp teeth.
You have supernaturally acute eyesight. (SInv)
You can survive without breathing.


Message History

You shoot a poisoned needle. The poisoned needle hits the troll.
The troll is poisoned.
a - a +3 dagger (weapon)
You closely miss the troll. The troll bites you! The troll claws you! x2
* * * LOW HITPOINT WARNING * * *
There is an open door here.
The troll looks more healthy.
There is an open door here.
There is an open door here.
MrRokkomies's ghost (novice Barachi Summoner) comes into view.
The troll bites you.
* * * LOW HITPOINT WARNING * * *
The troll barely misses you. The troll misses you.
MrRokkomies's ghost moves out of view.
The troll bites you.
* * * LOW HITPOINT WARNING * * *
The troll misses you. The troll barely misses you.
There is an open door here.
Found a scroll of enchant weapon.
The iguana hisses angrily.
The iguana bites you!
You die...

#..>..#.......#######......#
##....##......#............#
##....##......#............######
##....##......#......##'###......
'...W.........#......#....#......
#.............#......#....'......
#.....##......#......#....#......
#####'##......#......######......
#......#......#......# #######
#.....(#......#......#
#..)...'......+.@....+
#...รท..########..l...#
#.............T......#
#.............?......#
#....................#
#......................
#.......................
....#'###############... ....'.
.. ....#. ...


You could see a troll and an iguana.

Vanquished Creatures
  A hungry ghost (D:7)
  An ogre (D:10)
  A slave (D:7)
  A centaur (D:10)
  A bullfrog (D:10)
  A jelly (D:10)
  An iguana (D:11)
  An orc wizard (D:7)
  A worker ant (D:11)
  Robin (D:2)
  5 adders
  2 worms (D:2)
  3 dart slugs (D:1)
  A leopard gecko (D:2)
  An orc (D:3)
  6 giant cockroaches
  10 goblins
  9 hobgoblins
  2 quokkas (D:2)
  2 ball pythons
  4 bats
  3 frilled lizards
  7 kobolds
  10 rats
75 creatures vanquished.

Notes
Turn   | Place    | Note
-------+----------+-------------------------------------------
     0 | D:1      | Muffindrake the Vampire Assassin began the quest for the Orb.
     0 | D:1      | Reached XP level 1. HP: 16/16 MP: 1/1
   151 | D:1      | Reached skill level 3 in Short Blades
   225 | D:1      | Reached XP level 2. HP: 22/22 MP: 2/2
   697 | D:2      | Reached XP level 3. HP: 27/27 MP: 3/3
   705 | D:2      | Noticed Robin
   710 | D:2      | Reached skill level 4 in Short Blades
   733 | D:2      | Killed Robin
  1095 | D:2      | Reached XP level 4. HP: 26/33 MP: 4/4
  1288 | D:2      | Reached skill level 5 in Short Blades
  2483 | D:4      | Noticed Sar's ghost (novice NaMo)
  2511 | D:4      | You fall through a shaft for 3 floors!
  2511 | D:7      | Noticed a hungry ghost
  2522 | D:7      | Reached XP level 5. HP: 21/38 MP: 5/5
  2532 | D:7      | Reached skill level 6 in Short Blades
  2541 | D:7      | Killed a hungry ghost
  2541 | D:7      | Reached skill level 7 in Short Blades
  2541 | D:7      | Reached XP level 6. HP: 42/44 MP: 6/6
  2611 | D:7      | Noticed a slave
  2647 | D:7      | Killed a slave
  2829 | D:7      | Noticed a slave
  2833 | D:7      | Noticed Pikel
  2833 | D:7      | Noticed a slave
  2833 | D:7      | Noticed a slave
  2840 | D:7      | You fall through a shaft for 2 floors!
  2840 | D:9      | Noticed an orc warrior
  2842 | D:9      | Noticed a hungry ghost
  2869 | D:10     | Entered Level 10 of the Dungeon
  3035 | D:11     | Noticed a cyclops
  3087 | D:11     | Noticed a yak
  3087 | D:11     | Noticed a yak
  3087 | D:11     | Noticed a yak
  3087 | D:11     | Noticed a yak
  3087 | D:11     | Noticed a yak
  3103 | D:11     | Noticed a yak
  3112 | D:11     | Noticed a cyclops
  3183 | D:10     | Reached skill level 8 in Short Blades
  3197 | D:10     | Reached XP level 7. HP: 25/49 MP: 7/7
  3423 | D:10     | Noticed a troll
  3460 | D:10     | Noticed MrRokkomies's ghost (novice BaSu)
  3473 | D:10     | Slain by an iguana

Vault maps used:
D:1:      dpeg_arrival_water_temple_mockup, minivault_19
D:2:      uniq_robin
D:4:      kennysheep_mini, kennysheep_mini_moat, marbit_many_paths, first_ration
D:7:      cheibrodos_helix_gallery, lemuel_temple_firewalk_b, grunt_ogre_cave,
          uniq_pikel
D:11:     david_orc_3, lab_entry_generic

Skill      XL: |  1  2  3  4  5  6 |
---------------+-------------------+-----
Short Blades   | 3 4 5 7 8 |  8.7
Fighting       | |  1.7
Throwing       | |  1.5
Dodging        | |  1.1
Stealth        | |  5.8

Action                   |  1- 3 |  4- 6 |  7- 9 || total
-------------------------+-------+-------+-------++-------
Melee: Dagger            |   109 |   206 |     4 ||   319
       Bite              |     6 |    17 |     1 ||    24
 Fire: Blowgun           |       |       |     3 ||     3
  Use: Potion            |     2 |    16 |       ||    18
       Scroll            |       |     9 |       ||     9
 Stab: Sleeping          |     6 |     7 |       ||    13
       Distracted        |       |     1 |       ||     1
Armor: Robe              |    11 |    40 |       ||    51
Dodge: Dodged            |    45 |   114 |     4 ||   163

Table legend:
 A = Spawn XP
 B = Non-spawn XP
 C = Spawn XP percentage of total XP
 D = Spawn monster count
 E = Non-spawn monster count
 F = Spawn count percentage of total count
 G = Total turns spent on level
                    A         B        C        D         E        F      G
               +---------+---------+-------+---------+---------+-------+---------
         Total |       0 |     841 |   0.0 |       0 |      74 |   0.0 |  3473
               +---------+---------+-------+---------+---------+-------+---------
           D:1 |       0 |      29 |   0.0 |       0 |      16 |   0.0 |   689
           D:2 |       0 |     113 |   0.0 |       0 |      33 |   0.0 |  1112
           D:3 |       0 |      38 |   0.0 |       0 |      16 |   0.0 |   678
           D:7 |       0 |     231 |   0.0 |       0 |       3 |   0.0 |   329
          D:10 |       0 |     358 |   0.0 |       0 |       4 |   0.0 |   423
          D:11 |       0 |      72 |   0.0 |       0 |       2 |   0.0 |   181
               +---------+---------+-------+---------+---------+-------+---------
